 Dungeon Crawl Stone Soup version 0.21-a0-531-gacddea6 (webtiles) character file.

1347 teukkam the Slasher (level 8, -3/60 HPs)
             Began as a Gnoll Wanderer on Dec 13, 2017.
             Was a Follower of Ru.
             Killed from afar by an orc wizard (7 damage)
             ... with a magic dart
             ... on level 5 of the Dungeon.
             The game lasted 00:31:57 (7446 turns).

teukkam the Slasher (Gnoll Wanderer)                Turns: 7446, Time: 00:31:58

Health: -3/60      AC:  6    Str: 23    XL:     8   Next: 62%
Magic:  13/14      EV: 11    Int: 13    God:    Ru [*.....]
Gold:   381        SH:  0    Dex: 14    Spells: 11/15 levels left

rFire    . . .     SeeInvis .   a - +2 spear (chaos)
rCold    . . .     Gourm    .   (no shield)
rNeg     . . .     Faith    .   e - +0 robe
rPois    .         Spirit   .   (no helmet)
rElec    .         Reflect  .   P - +1 cloak
rCorr    .         Harm     .   (no gloves)
MR       .....                  E - +1 pair of boots
Stlth    +++.......             (no amulet)
HPRegen  0.20/turn              s - +4 ring of strength
MPRegen  0.14/turn              (no ring)

@: no status effects
A: distributed training, fangs 1, inability to train dodging, strong nose
a: Renounce Religion


You were on level 5 of the Dungeon.
You worshipped Ru.
Ru was aware of your devotion.
You were not hungry.

You visited 2 branches of the dungeon, and saw 6 of its levels.
You also visited: Ossuary.

You collected 381 gold pieces.

Inventory:

Hand Weapons
 a - a +2 spear of chaos (weapon)
 y - a +2 dagger
 z - a +3 quarterstaff of chaos
 F - a +1 short sword of venom
 G - a +0 club of chaos
 L - a +2 dagger of venom
 N - a +5 flail of crushing
Missiles
 w - 2 throwing nets
 x - 6 javelins (quivered)
 B - 11 poisoned needles
 J - 6 needles of paralysis
Armour
 e - a +0 robe (worn)
 E - a +1 pair of boots (worn)
 P - a +1 cloak (worn)
Jewellery
 p - an uncursed ring of positive energy {unknown}
 s - a +4 ring of strength (left hand)
Wands
 j - a wand of polymorph (7)
 t - a wand of enslavement (14)
 u - a wand of random effects (29)
 I - a wand of digging (12)
Scrolls
 b - a scroll of fear
 f - 5 scrolls of remove curse
 i - 3 scrolls of amnesia
 k - 3 scrolls of teleportation
 l - 2 scrolls of identify {unknown}
 m - 7 scrolls of random uselessness {unknown}
 n - 3 scrolls of immolation {unknown}
 v - 2 scrolls of fog {unknown}
 A - a scroll of blinking {unknown}
 K - a scroll of magic mapping {unknown}
Potions
 d - 2 potions of curing
 g - a potion of agility
 h - 4 potions of flight
 o - a potion of lignification
 r - a potion of cancellation {unknown}
 C - a potion of resistance {unknown}
 M - a potion of brilliance {unknown}
 O - a potion of might {unknown}
 Q - a potion of invisibility
Books
 c - the Compendium of the Arsonist

   Spells                             Type                      Level
   a - Flame Tongue                   Conjuration/Fire             1
   b - Inner Flame                    Hexes/Fire                   3
Comestibles
 q - a meat ration
 D - 4 royal jellies
 H - 2 bread rations


   Skills:
 + Level 4.3 Fighting
 + Level 3.3 Short Blades
 + Level 5.7 Long Blades
 + Level 3.3 Axes
 + Level 3.3 Maces & Flails
 + Level 3.3 Polearms
 + Level 3.3 Staves
 + Level 3.3 Slings
 + Level 3.3 Bows
 + Level 3.3 Crossbows
 + Level 3.3 Throwing
 + Level 3.3 Armour
   Level 0.0 Dodging
 + Level 5.4 Stealth
 + Level 4.3 Shields
 + Level 3.3 Unarmed Combat
 + Level 4.4 Spellcasting
 + Level 2.7 Conjurations
 + Level 2.7 Hexes
 + Level 2.7 Charms
 + Level 3.5 Summonings
 + Level 2.7 Necromancy
 + Level 2.7 Translocations
 + Level 2.7 Transmutations
 + Level 3.5 Fire Magic
 + Level 2.7 Ice Magic
 + Level 2.7 Air Magic
 + Level 2.7 Earth Magic
 + Level 2.7 Poison Magic
 + Level 3.7 Invocations
 + Level 4.3 Evocations


You had 11 spell levels left.
You knew the following spells:

 Your Spells              Type           Power        Failure   Level  Hunger
a - Flame Tongue          Conj/Fire      ##...        5%          1    None
b - Inner Flame           Hex/Fire       ##......     16%         3    ###....


Dungeon Overview and Level Annotations

Branches:
Dungeon (5/15)             Temple (1/1) D:4

Altars:
Cheibriados
Dithmenos
Elyvilon
Fedhas
Kikubaaqudgha
Makhleb
Nemelex Xobeh
Qazlal
Ru
Uskayaw
Vehumet
Wu Jian
Xom
Yredelemnul


Innate Abilities, Weirdness & Mutations

Your experience applies equally to all skills.
You have very sharp teeth.
You cannot train Dodging skill.
Your uncanny sense of smell can sniff out nearby items.


Message History

Confirm with . or Enter, or press ? or * to list all spells.
Aiming: Flame Tongue
Press: ? - help, Shift-Dir - straight line, f - orc priest, p - bullfrog zombie
Aim: an orc priest (severely wounded)
The flame tongue hits the orc wizard.
The orc wizard is lightly wounded.
The bullfrog zombie hits you but does no damage.
The orc wizard misses you. The bullfrog zombie hits you.
* * * LOW HITPOINT WARNING * * *
The orc wizard begins to cast a cantrip, but forgets the words!
The orc priest calls down the wrath of Beogh upon you.
Pain shoots through your body!
* * * LOW HITPOINT WARNING * * *
The bullfrog zombie hits you but does no damage.
You closely miss the orc priest. Your bite misses the orc priest.
The orc priest is severely wounded.
The orc wizard points at you and mumbles some strange words.
The magic dart hits you!
You die...

....# .....
###...###.....
#.......#.....
###._..._.#.....
#.............[
#####.....8..[..###+
..###...................
.>....Z....._..._.#
......o@..........######
......o.....#......†...#
.#
..[.(.........####.###.#
.# ..............# #.#
#.# .# ..(........(.###
#.###.# .#
..((.........# #......
.# ∆ ...###.....#####
#.####. .# ∆
........##.....# ### #.
.### ........+..###.# #.


You could see an orc priest, an orc wizard and a bullfrog zombie.

Vanquished Creatures
  The ghost of Salmacis the Covert, a novice HaFi (D:5)
  Edmund (D:4)
  An ogre (D:4)
  A bullfrog zombie (D:5)
  2 centaur zombies (Ossuary)
  An orc priest (D:4)
  Crazy Yiuf (D:4)
  A human zombie (Ossuary)
  An iguana (D:5)
  Ijyb (D:4)
  Natasha (thrice) (D:4)
  2 orc wizards
  A worker ant (D:2)
  A hound skeleton (D:4)
  3 mummies (Ossuary)
  A gnoll (shapeshifter) (D:3)
  8 gnolls (D:3)
  5 adders
  An adder skeleton (D:5)
  A worm (D:3)
  3 dart slugs
  A leopard gecko (shapeshifter) (D:4)
  2 leopard geckos (D:2)
  7 orcs
  A ball python (D:2)
  A giant cockroach (D:1)
  10 goblins
  7 hobgoblins
  6 jackals
  A quokka (D:2)
  4 bats
  8 frilled lizards
  3 goblin zombies (Ossuary)
  A jackal skeleton (D:4)
  6 kobolds
  A kobold zombie (Ossuary)
  6 rats
105 creatures vanquished.

Notes
Turn   | Place    | Note
-------+----------+-------------------------------------------
     0 | D:1      | teukkam the Gnoll Wanderer began the quest for the Orb.
     0 | D:1      | teukkam set off with: a +2 dagger, a scroll of fear, the Compendium of the Arsonist, a potion of curing, a +0 robe, a bread ration
     0 | D:1      | Reached XP level 1. HP: 17/17 MP: 4/4
    28 | D:1      | Identified the Compendium of the Arsonist
    30 | D:1      | Learned a level 1 spell: Flame Tongue
   221 | D:1      | Reached XP level 2. HP: 21/23 MP: 5/5
   445 | D:2      | Reached XP level 3. HP: 19/28 MP: 7/7
   525 | D:2      | Reached skill level 1 in Invocations
   841 | D:2      | Reached skill level 1 in Short Blades
   841 | D:2      | Reached skill level 1 in Axes
   841 | D:2      | Reached skill level 1 in Maces & Flails
   841 | D:2      | Reached skill level 1 in Polearms
   841 | D:2      | Reached skill level 1 in Staves
   841 | D:2      | Reached skill level 1 in Slings
   841 | D:2      | Reached skill level 1 in Bows
   841 | D:2      | Reached skill level 1 in Crossbows
   841 | D:2      | Reached skill level 1 in Throwing
   841 | D:2      | Reached skill level 1 in Armour
   841 | D:2      | Reached skill level 1 in Dodging
   841 | D:2      | Reached skill level 1 in Unarmed Combat
   841 | D:2      | Reached XP level 4. HP: 12/34 MP: 0/8
   912 | D:2      | Learned a level 3 spell: Inner Flame
  1021 | D:2      | You fall through a shaft for 2 floors!
  1112 | D:4      | Found a sand-covered staircase.
  1116 | Ossuary  | Entered an ossuary
  1308 | Ossuary  | Reached skill level 1 in Conjurations
  1308 | Ossuary  | Reached skill level 1 in Hexes
  1308 | Ossuary  | Reached skill level 1 in Charms
  1308 | Ossuary  | Reached skill level 1 in Necromancy
  1308 | Ossuary  | Reached skill level 1 in Translocations
  1308 | Ossuary  | Reached skill level 1 in Transmutations
  1308 | Ossuary  | Reached skill level 1 in Ice Magic
  1308 | Ossuary  | Reached skill level 1 in Air Magic
  1308 | Ossuary  | Reached skill level 1 in Earth Magic
  1308 | Ossuary  | Reached skill level 1 in Poison Magic
  1315 | Ossuary  | Reached XP level 5. HP: 24/40 MP: 5/9
  2342 | D:4      | Found a staircase to the Ecumenical Temple.
  2359 | Temple   | Entered the Ecumenical Temple
  2418 | Temple   | Became a worshipper of Ru the Awakened
  2509 | D:4      | Noticed Natasha
  2512 | D:4      | Killed Natasha
  2512 | D:4      | Reached XP level 6. HP: 47/47 MP: 10/10
  2527 | D:4      | Noticed Natasha
  2538 | D:4      | Killed Natasha
  2778 | D:4      | Noticed Natasha
  3250 | D:2      | Found a blossoming altar of Fedhas.
  4355 | D:3      | Reached skill level 5 in Long Blades
  4448 | D:3      | HP: 2/47 [poisoned by a gnoll]
  4740 | D:3      | Found a shimmering altar of Xom.
  4776 | D:3      | Noticed Sigmund
  4901 | D:3      | Gained mutation: You cannot train Dodging skill. [Ru sacrifice]
  4901 | D:3      | Reached * piety under Ru
  5250 | D:3      | Sigmund changed into Sigmund the howler monkey
  5569 | D:4      | Noticed Edmund
  5580 | D:4      | HP: 2/47 [Edmund/flail of crushing (4)]
  5618 | D:5      | Entered Level 5 of the Dungeon
  5673 | D:5      | Reached XP level 7. HP: 41/52 MP: 12/12
  5706 | D:5      | Found an ancient bone altar of Kikubaaqudgha.
  5707 | D:5      | Noticed Salmacis's ghost (novice HaFi)
  5710 | D:5      | Found a hide-covered altar of Uskayaw.
  5742 | D:5      | Killed Salmacis's ghost
  5742 | D:5      | Reached skill level 5 in Stealth
  5742 | D:5      | Reached XP level 8. HP: 35/60 MP: 12/14
  6145 | D:4      | Killed Natasha
  6298 | D:4      | Noticed Ijyb
  6569 | D:4      | Killed Ijyb
  6595 | D:4      | HP: 3/60 [poisoned by Ijyb]
  6601 | D:4      | HP: 2/60 [poisoned by Ijyb]
  6609 | D:4      | HP: 2/60 [poisoned by Ijyb]
  6913 | D:4      | Killed Edmund
  7211 | D:4      | Found a runed door.
  7217 | D:4      | Noticed Crazy Yiuf
  7222 | D:4      | Killed Crazy Yiuf
  7415 | D:5      | Found a sparkling altar of Nemelex Xobeh.
  7421 | D:5      | Found a radiant altar of Vehumet.
  7446 | D:5      | Killed from afar by an orc wizard

Vault maps used:
D:1:      dpeg_arrival_boxes_within_box
D:2:      fedhas_altar_2
D:3:      tgw_xom, uniq_sigmund
D:4:      cheibrodos_pilgrimage, temple_pool_b, enter_ossuary_5, st_stairs_1,
          hangedman_decor_peaks_small, uniq_crazy_yiuf_cottage, uniq_natasha,
          uniq_edmund, uniq_ijyb
D:5:      grunt_temple_overflow_open, basic_altar, first_bread, uniq_menkaure,
          uniq_duvessa
Temple:   dshaligram_water_room_temple
Ossuary:  ossuary_crypta

Skill      XL: |  1  2  3  4  5  6  7  8 |
---------------+-------------------------+-----
Summonings     | 2 3 |  3.5
Fire Magic     | 2 3 |  3.5
Invocations    | 1 2 3 |  3.7
Short Blades   | 1 2 3 |  3.3
Axes           | 1 2 3 |  3.3
Maces & Flails | 1 2 3 |  3.3
Polearms       | 1 2 3 |  3.3
Staves         | 1 2 3 |  3.3
Slings         | 1 2 3 |  3.3
Bows           | 1 2 3 |  3.3
Crossbows      | 1 2 3 |  3.3
Throwing       | 1 2 3 |  3.3
Armour         | 1 2 3 |  3.3
Dodging        | 1 0 |  0.0
Unarmed Combat | 1 2 3 |  3.3
Spellcasting   | 3 4 |  4.4
Conjurations   | 1 2 |  2.7
Hexes          | 1 2 |  2.7
Charms         | 1 2 |  2.7
Necromancy     | 1 2 |  2.7
Translocations | 1 2 |  2.7
Transmutations | 1 2 |  2.7
Ice Magic      | 1 2 |  2.7
Air Magic      | 1 2 |  2.7
Earth Magic    | 1 2 |  2.7
Poison Magic   | 1 2 |  2.7
Fighting       | 3 4 |  4.3
Shields        | 3 4 |  4.3
Evocations     | 3 4 |  4.3
Long Blades    | 5 |  5.7
Stealth        | 5 |  5.4

Action                   |  1- 3 |  4- 6 |  7- 9 || total
-------------------------+-------+-------+-------++-------
Melee: Dagger            |    47 |    76 |       ||   123
       Bite              |     4 |    21 |     7 ||    32
       Punch             |     1 |       |     2 ||     3
       Spear             |       |    50 |    79 ||   129
       Short sword       |       |    19 |       ||    19
Throw: Javelin           |       |     9 |    21 ||    30
 Cast: Flame Tongue      |    12 |    47 |    11 ||    70
       Inner Flame       |       |     2 |       ||     2
Invok: Sacrifice Nimblen |       |     1 |       ||     1
  Use: Potion            |       |    10 |     2 ||    12
       Scroll            |       |     6 |       ||     6
 Stab: Sleeping          |     6 |    14 |       ||    20
       Distracted        |       |     2 |     1 ||     3
  Eat: Bread ration      |       |     1 |       ||     1
       Chunk             |       |     9 |     3 ||    12
       Fruit             |       |     2 |     3 ||     5
Armor: Robe              |    13 |    11 |    13 ||    37
       Skin              |       |       |    12 ||    12
Dodge: Dodged            |    33 |    79 |    30 ||   142

Table legend:
 A = Spawn XP
 B = Non-spawn XP
 C = Spawn XP percentage of total XP
 D = Spawn monster count
 E = Non-spawn monster count
 F = Spawn count percentage of total count
 G = Total turns spent on level
                    A         B        C        D         E        F      G
               +---------+---------+-------+---------+---------+-------+---------
         Total |       0 |    1925 |   0.0 |       0 |     105 |   0.0 |  7446
               +---------+---------+-------+---------+---------+-------+---------
           D:1 |       0 |      28 |   0.0 |       0 |      19 |   0.0 |   843
           D:2 |       0 |     109 |   0.0 |       0 |      23 |   0.0 |  1333
           D:3 |       0 |     170 |   0.0 |       0 |      25 |   0.0 |  1510
           D:4 |       0 |     598 |   0.0 |       0 |      21 |   0.0 |  2078
           D:5 |       0 |     828 |   0.0 |       0 |       7 |   0.0 |   575
       Ossuary |       0 |     192 |   0.0 |       0 |      10 |   0.0 |  1027
               +---------+---------+-------+---------+---------+-------+---------
